 Dungeon Crawl Stone Soup version 0.30.1-11-g7821555f0a (webtiles) character file.

Game seed: 7220278568708178694

350 lonewolfV2 the Trooper (level 6, 0/50 HPs)
             Began as a Formicid Fighter on Nov 5, 2023.
             Slain by a killer bee (2 damage)
             ... on level 3 of the Dungeon.
             The game lasted 00:02:53 (2484 turns).

lonewolfV2 the Trooper (Formicid Fighter)           Turns: 2484, Time: 00:02:53

Health: 0/50       AC:  8    Str: 23    XL:     6   Next: 92%
Magic:  8/8        EV: 16    Int:  7    God:
Gold:   162        SH:  5    Dex: 13    Spells: 5/5 levels left

rFire   + . .        a - +0 war axe
rCold   . . .        c - +0 buckler
rNeg    . . .        b - +0 scale mail
rPois   .            (helmet unavailable)
rElec   .            (no cloak)
rCorr   .            o - +0 pair of gloves
SInv    +            (no boots)
Will    .....        (no amulet) Stlth
                     m - +5 ring of evasion
HPRegen 0.28/turn    l - ring of protection from fire
MPRegen 0.11/turn

%: no passive effects
@: lethally poisoned (0 -> -8)
A: permanent stasis, dig shafts and tunnels, antennae 3, four strong arms
a: Dig, Shaft Self


You were on level 3 of the Dungeon.
You visited 1 branch of the dungeon, and saw 4 of its levels.

You collected 162 gold pieces.

Inventory:

Hand Weapons
 a - a +0 war axe (weapon)
Armour
 b - a +0 scale mail (worn)
 c - a +0 buckler (worn)
 o - a +0 pair of gloves (worn)
Jewellery
 l - a ring of protection from fire (right hand)
 m - a +5 ring of evasion (left hand)
 q - a ring of willpower
Wands
 j - a wand of charming (10)
Scrolls
 f - a scroll of magic mapping
Potions
 d - a potion of attraction {unknown}
 g - 2 potions of brilliance
 h - a potion of degeneration {unknown}
 i - 2 potions of curing
 k - 2 potions of mutation {unknown}
 r - a potion of might
 s - a potion of flight {unknown}


   Skills:
 + Level 4.8 Fighting
 - Level 2.0 Axes
 - Level 3.2 Armour
 * Level 4.0 Dodging
 - Level 4.0 Shields
 + Level 3.6 Invocations


You had 5 spell levels left.
You didn't know any spells.
Your spell library contained the following spells:

 Spells                   Type           Power      Damage    Failure   Level
 Manifold Assault         Tloc           0%         N/A       100%        4
 Storm Form               Tmut/Air       0%         N/A       100%        7
 Blink                    Tloc           Unusable   N/A       N/A         2

Dungeon Overview and Level Annotations

Branches:
Dungeon (4/15)
 Temple: D:4-7

Altars:


Innate Abilities, Weirdness & Mutations

You cannot be hasted, slowed, berserked, paralysed or teleported.
You can dig through walls and to a lower floor.
You have a pair of large antennae on your head. (SInv)
Your four strong arms can wield two-handed weapons with a shield.


Message History

The killer bee completely misses you.
The killer bee attacks as you move away!
The killer bee stings you.
The killer bee attacks as you move away!
The killer bee barely misses you.
You feel sick.
You are no longer poisoned.
The killer bee misses you. The killer bee closely misses you.
The jackal bites you. The killer bee closely misses you.
The killer bee stings you.
You are poisoned.
The killer bee poisons you!
The killer bee stings you but does no damage.
The jackal bites you but does no damage.
There is a stone staircase leading up, spattered with blood here.
You feel sick.
The killer bee stings you but does no damage.
The killer bee stings you!
* * * LOW HITPOINT WARNING * * *
The killer bee stings you but does no damage. x2
The killer bee barely misses you. x2; The jackal closely misses you.
You climb upwards.
You feel sick.
There is a stone staircase leading down here.
You hit the killer bee.
The killer bee is moderately wounded.
You hit the killer bee. You closely miss the jackal.
You feel sick. The killer bee closely misses you.
The killer bee completely misses you. The jackal closely misses you.
The killer bee completely misses you. The killer bee misses you.
You block the jackal's attack. The killer bee stings you.
* * * LOW HITPOINT WARNING * * *
You are lethally poisoned!
The killer bee poisons you! The killer bee closely misses you.
You completely miss the jackal. You barely miss the killer bee.
You closely miss the killer bee.
* * * LOW HITPOINT WARNING * * *
You feel very sick. The killer bee stings you.
* * * LOW HITPOINT WARNING * * *
The killer bee stings you.
You die...

### ####.# #....#
#.##.# #.##.#
#.##.# #.##.#
#########.##h###
#.......#.##@yy#
#.#####.#.###y.##
#.#...#.#.#
#...#####
#.#.#.#.#.#
#.#.....##
#.#.#.#.#.#
#.....#..###
#.#.#.#.#.#
#####.##...#
#.....#.#.#
#...#.####)#
###.###.#.#
#...#.# #.## #.#
#.#.###...#.#
#..###


You could see 3 killer bees and a jackal.

Vanquished Creatures
  Grinder (D:3)
  Terence (D:2)
  Natasha (twice) (D:2)
  Robin (D:2)
  An adder (D:2)
  2 dart slugs
  A worm (D:3)
  An orc (D:3)
  2 ball pythons (D:1)
  3 bats
  5 endoplasms
  2 giant cockroaches
  10 goblins
  9 hobgoblins
  2 jackals (D:1)
  5 kobolds
  2 quokkas
  4 frilled lizards
  5 rats
59 creatures vanquished.

Notes
Turn   | Place    | Note
-------+----------+-------------------------------------------
     0 | D:1      | lonewolfV2 the Formicid Fighter began the quest for the
                  | Orb.
     0 | D:1      | Reached XP level 1. HP: 18/18 MP: 1/1
   106 | D:1      | Reached XP level 2. HP: 21/24 MP: 2/2
   143 | D:1      | Reached skill level 1 in Dodging
   252 | D:1      | Reached skill level 1 in Invocations
   489 | D:1      | Reached XP level 3. HP: 28/29 MP: 3/3
   867 | D:2      | Noticed Terence
   875 | D:2      | Noticed Robin
   884 | D:2      | Killed Terence
   885 | D:2      | Reached XP level 4. HP: 20/37 MP: 5/5
   893 | D:2      | Killed Robin
  1194 | D:2      | Reached XP level 5. HP: 42/42 MP: 6/6
  1292 | D:2      | Noticed Natasha
  1303 | D:2      | Killed Natasha
  1363 | D:2      | Noticed Natasha
  1379 | D:2      | Killed Natasha
  1785 | D:3      | Noticed Grinder
  1798 | D:3      | Killed Grinder
  1799 | D:3      | Reached XP level 6. HP: 34/50 MP: 8/8
  2484 | D:3      | HP: 2/50 [killer bee (6)]
  2484 | D:3      | Slain by a killer bee

Illustrated notes

Levels and vault maps discovered:
D:1:      dpeg_arrival_fog, layout_basic, roderic_nine_men_s_morris,
          minmay_tree_intersection
D:2:      layout_basic, minmay_misc_feat_columns, amcnicky_mini_pool_small,
          uniq_natasha, uniq_terence, uniq_robin
D:3:      layout_basic, serial_bayou_pond_e, uniq_grinder
D:4:      layout_loops_corners, minmay_temple_entry_ruins

Skill      XL: |  1  2  3  4  5 |
---------------+----------------+-----
Dodging        | 1 2 4 |  4.0
Invocations    | 1 2 3 |  3.6
Fighting       | 4 |  4.8
Axes           | |  2.0
Armour         | |  3.2
Shields        | |  4.0

Action                     |  1- 3 |  4- 6 || total
---------------------------+-------+-------++-------
  Melee: War axe           |    56 |   103 ||   159
    Use: Scroll            |     3 |     7 ||    10
         Potion            |     2 |       ||     2
 Armour: Scale mail        |    25 |    37 ||    62
  Dodge: Dodged            |    23 |    96 ||   119
  Block: Buckler           |    10 |    24 ||    34
